 Dungeon Crawl Stone Soup version 0.25-b1-46-gb8a1ec05df (webtiles) character file.

Game seed: 11637681076233475166

237520 Froggeryz the Protected (level 19, -9/149 HPs)
             Began as a Gnoll Wanderer on June 10, 2020.
             Was the Champion of Okawaru.
             Shot with a bolt by a yaktaur captain (37 damage)
             ... on level 2 of the Vaults on June 11, 2020.
             The game lasted 02:12:49 (45649 turns).

Froggeryz the Protected (Gnoll Wanderer)           Turns: 45649, Time: 02:12:49

Health: -9/149     AC: 13    Str: 18    XL:     19   Next: 24%
Magic:  35/35      EV: 23    Int: 20    God:    Okawaru [******]
Gold:   1291       SH: 19    Dex: 23    Spells: 22/43 levels left

rFire    . . .     SeeInvis .   O - +2 broad axe (distort)
rCold    . . .     Gourm    .   t - +0 kite shield
rNeg     + . .     Faith    .   S - +0 troll leather armour
rPois    .         Spirit   .   q - +2 hat {MR+}
rElec    +         Reflect  +   H - scarf {repulsion}
rCorr    .         Harm     .   R - +0 pair of fencer's gloves {Riposte Dex+3}
MR       ++...                  W - +2 pair of boots {run}
Stlth    +++++.....             M - amulet of reflection
HPRegen  0.74/turn              g - +6 ring of dexterity
MPRegen  0.24/turn              V - ring of Fiariq {rElec rN+}

@: lightly drained, repel missiles, quick
A: distributed training, fangs 1, strong nose
}: 2/15 runes: barnacled, gossamer
a: Heroism, Finesse, Renounce Religion


You were on level 2 of the Vaults.
You worshipped Okawaru.
Okawaru was exalted by your worship.
You were hungry.

You visited 7 branches of the dungeon, and saw 34 of its levels.
You also visited: Sewer, Ossuary and Ice Cave.

You collected 3595 gold pieces.
You spent 2304 gold pieces at shops.

Inventory:

Hand Weapons
 x - a +6 demon trident of flaming
 O - a +2 broad axe of distortion (weapon)
Missiles
 e - 5 throwing nets
 D - 35 silver javelins
 X - 28 curare-tipped darts (quivered)
Armour
 q - a +2 hat of magic resistance (worn)
 t - a +0 kite shield (worn)
 F - a +1 ring mail of fire resistance
 H - a scarf of repulsion (worn)
 R - the +0 pair of fencer's gloves (worn) {Riposte Dex+3}
   (You bought it in a shop on level 2 of the Orcish Mines)

   It affects your dexterity (+3).
 S - a +0 troll leather armour (worn)
 W - a +2 pair of boots of running (worn)
Jewellery
 g - a +6 ring of dexterity (left hand)
 u - an uncursed ring of protection from fire
 w - an uncursed ring of poison resistance
 K - the ring "Kalanaan" {rF++ rN+++ MR- Stlth-}
   (You bought it in a shop on level 2 of the Orcish Mines)

   [ring of attention]

   It greatly protects you from fire.
   It renders you almost immune to negative energy.
   It affects your resistance to hostile enchantments.
   It makes you less stealthy.
 M - an amulet of reflection (around neck)
 P - the ring "Wubo" {*Tele rElec Int+8}
   (You found it on level 9 of the Dungeon)

   [ring of teleportation]

   It may teleport you next to monsters.
   It affects your intelligence (+8).
   It insulates you from electricity.
 V - the ring of Fiariq (right hand) {rElec rN+}
   (You found it on level 1 of the Lair of Beasts)

   [ring of positive energy]

   It insulates you from electricity.
   It protects you from negative energy.
Wands
 p - a wand of acid (13)
 v - a wand of disintegration (25)
 y - a wand of iceblast (41)
Scrolls
 a - 3 scrolls of fear
 h - 14 scrolls of teleportation
 i - 15 scrolls of identify
 j - 21 scrolls of remove curse
 l - 4 scrolls of immolation
 m - 7 scrolls of fog
 r - a scroll of noise
 s - 7 scrolls of blinking
 E - a scroll of brand weapon
 I - 5 scrolls of enchant weapon
 L - a scroll of silence
 N - 4 scrolls of magic mapping
 Q - a scroll of holy word
 T - a scroll of summoning
Potions
 b - 7 potions of lignification
 c - 3 potions of curing
 k - 10 potions of haste
 n - 6 potions of cancellation
 o - 2 potions of resistance
 z - 2 potions of magic
 A - 5 potions of brilliance
 B - a potion of berserk rage
 C - 8 potions of might
 G - 5 potions of ambrosia
 J - 2 potions of heal wounds
 U - 3 potions of mutation
 Y - 2 potions of flight
Comestibles
 f - 60 rations


   Skills:
 + Level 13.2(13.1) Fighting
 + Level 12.5(12.4) Short Blades
 + Level 12.5(12.4) Long Blades
 + Level 12.7(12.6) Axes
 + Level 12.7(12.6) Maces & Flails
 + Level 12.5(12.4) Polearms
 + Level 12.5(12.4) Staves
 + Level 12.5(12.4) Slings
 + Level 12.5(12.4) Bows
 + Level 12.5(12.4) Crossbows
 + Level 12.5(12.4) Throwing
 + Level 14.6(14.5) Armour
 + Level 12.5(12.4) Dodging
 + Level 12.5(12.4) Stealth
 + Level 12.7(12.6) Shields
 + Level 12.5(12.4) Unarmed Combat
 + Level 12.5(12.4) Spellcasting
 + Level 10.7(10.6) Conjurations
 + Level 10.7(10.6) Hexes
 + Level 10.7(10.6) Charms
 + Level 10.7(10.6) Summonings
 + Level 10.7(10.6) Necromancy
 + Level 10.7(10.6) Translocations
 + Level 10.7(10.6) Transmutations
 + Level 10.7(10.6) Fire Magic
 + Level 10.7(10.6) Ice Magic
 + Level 10.7(10.6) Air Magic
 + Level 10.7(10.6) Earth Magic
 + Level 10.7(10.6) Poison Magic
 + Level 13.4 Invocations
 + Level 12.7(12.6) Evocations


You had 22 spell levels left.
You knew the following spells:

 Your Spells              Type           Power        Failure   Level  Hunger
a - Blink                 Tloc           N/A          1%          2    None
b - Slow                  Hex            ######..     1%          2    None
c - Tukima's Dance        Hex            ######..     1%          3    None
d - Airstrike             Air            ######....   1%          4    #......
e - Silence               Hex/Air        ######....   2%          5    ####...
f - Aura of Abjuration    Summ           ######....   2%          5    ####...

Your spell library contained the following spells:

 Spells                   Type           Power        Failure   Level  Hunger
 Animate Skeleton         Necr           N/A          1%          1    None
 Apportation              Tloc           ######       1%          1    None
 Corona                   Hex            ######.      1%          1    None
 Freeze                   Ice            ####         1%          1    None
 Magic Dart               Conj           ####         1%          1    None
 Sandblast                Erth           ######       1%          1    None
 Shock                    Conj/Air       ####         1%          1    None
 Sting                    Tmut/Pois      ####         1%          1    None
 Summon Small Mammal      Summ           ####         1%          1    None
 Call Imp                 Summ           ######..     1%          2    None
 Ensorcelled Hibernation  Hex/Ice        ######       1%          2    None
 Passwall                 Tmut/Erth      ######..     1%          2    None
 Poisonous Vapours        Pois/Air       ######       1%          2    None
 Swiftness                Chrm/Air       ######..     1%          2    None
 Call Canine Familiar     Summ           ######..     1%          3    None
 Confusing Touch          Hex            ######..     1%          3    None
 Conjure Flame            Conj/Fire      ######..     1%          3    None
 Dazzling Flash           Conj/Hex       ######       1%          3    None
 Frozen Ramparts          Ice            ######       1%          3    None
 Gell's Gravitas          Tloc           ######....   1%          3    None
 Ignite Poison            Fire/Tmut/Pois ######..     1%          3    None
 Mephitic Cloud           Conj/Pois/Air  ######..     1%          3    None
 Ozocubu's Armour         Chrm/Ice       ######..     1%          3    None
 Recall                   Summ/Tloc      N/A          1%          3    None
 Static Discharge         Conj/Air       ######..     1%          3    None
 Stone Arrow              Conj/Erth      ######       1%          3    None
 Summon Guardian Golem    Hex/Summ       ######..     1%          3    None
 Animate Dead             Necr           N/A          1%          4    #......
 Cause Fear               Hex            ######....   1%          4    #......
 Hailstorm                Conj/Ice       ######..     1%          4    #......
 Ice Form                 Ice/Tmut       ######..     1%          4    #......
 Olgreb's Toxic Radiance  Pois           ######..     1%          4    #......
 Petrify                  Tmut/Erth      ######..     1%          4    #......
 Summon Ice Beast         Ice/Summ       ######..     1%          4    #......
 Summon Lightning Spire   Summ/Air       ######..     1%          4    #......
 Bolt of Magma            Conj/Fire/Erth ######....   2%          5    ####...
 Borgnjor's Vile Clutch   Necr/Erth      ######....   2%          5    ####...
 Iskenderun's Battlesphe  Conj/Chrm      ######..     2%          5    ####...
 Lee's Rapid Deconstruct  Erth           ######....   2%          5    ####...
 Lightning Bolt           Conj/Air       ######....   2%          5    ####...
 Metabolic Englaciation   Hex/Ice        ######....   2%          5    ####...
 Summon Demon             Summ           ######....   2%          5    ####...
 Summon Forest            Summ/Tloc      ######....   2%          5    ####...
 Summon Mana Viper        Hex/Summ       ######..     2%          5    ####...
 Yara's Violent Unravell  Hex/Tmut       ######....   2%          5    ####...
 Darkness                 Hex            ######....   16%         6    ######.
 Death Channel            Necr           ######....   16%         6    ######.
 Freezing Cloud           Conj/Ice/Air   ######....   16%         6    ######.
 Iron Shot                Conj/Erth      ######....   16%         6    ######.
 Ozocubu's Refrigeration  Ice            ######....   16%         6    ######.
 Shadow Creatures         Summ           N/A          16%         6    ######.
 Simulacrum               Ice/Necr       ######....   16%         6    ######.
 Orb of Destruction       Conj           ######....   65%         7    #######
 Spellforged Servitor     Conj/Summ      ######....   65%         7    #######
 Summon Hydra             Summ           ######....   65%         7    #######


Dungeon Overview and Level Annotations

Branches:
Dungeon (15/15)            Temple (1/1) D:4            Lair (6/6) D:9
 Shoals (4/4) Lair:2       Spider (4/4) Lair:4        Slime (0/5) Lair:5
    Orc (2/2) D:11            Elf (0/3) Orc:2        Vaults (2/5) D:14
  Crypt (0/3) Vaults:2     Depths (0/5) D:15          Sewer (visited)
Ossuary (visited)           IceCv (visited)

Altars:
Ashenzari
Cheibriados
Dithmenos
Elyvilon
Fedhas
Gozag
Hepliaklqana
Kikubaaqudgha
Makhleb
Nemelex Xobeh
Okawaru
Qazlal
Ru
Sif Muna
Trog
Uskayaw
Vehumet
Wu Jian
Xom
Yredelemnul
Zin
The Shining One
Beogh

Shops:
D:4 (   D:10 !   D:11 }   Orc:1 =([   Orc:2 [[(=:   Shoals:2 ?*

Portals:
Hell: Lair:6
Trove: Vaults:1 (lose all piety)

Annotations:
D:6 3 runed translucent doors, endorz's ghost, novice HOFi
Lair:1 1 runed translucent door
Lair:2 1 runed translucent door, lllmatko's ghost, journeyman MiBe
Shoals:1 exclusion: downstairs
Vaults:1 3 runed translucent doors, exclusion: downstairs, foobar1000's ghost, veteran SpHu
Abyss:1 Ilsuiw


Innate Abilities, Weirdness & Mutations

Your experience applies equally to all skills.
You have very sharp teeth.
Your uncanny sense of smell can sniff out nearby items.


Message History

Aiming: Tukima's Dance (safe; 1% risk of failure)
Press: ? - help, Shift-Dir - straight line, f - ironheart preserver
Aim: an ironheart preserver, wielding a +0 great mace and wearing a +0 leather armour (heavily wounded, chance to defeat MR: 68%)
Okay, then.
Unknown command.
As you read the scroll of teleportation, it crumbles to dust.
You feel strangely unstable. You block the ice dragon's attack.
The ice dragon completely misses you. You block the ice dragon's attack.
Okay, then.
You block the ironheart preserver's attack.
The deep elf knight barely misses you.
Your surroundings suddenly seem different.
A yaktaur captain comes into view.
The yaktaur captain shouts!
The yaktaur captain wields a +0 arbalest.
The yaktaur captain shoots a bolt.
The bolt hits you.
* * * LOW HITPOINT WARNING * * *
You see here a bolt.
The yaktaur captain shoots a bolt.
The bolt hits you!!!
You die...

.....####+###########...# ∆
.....#..........#.......#
.....#..........#.......#
.....#..........#.......#
.....#....=..<..#.......# ∆
.....#..........#.......#
.....'..........#.......#
.....############(.........
................@..........
.................###########
.................#
.................#
.................#
.................#
..#'#######c.....#
..#.......#......#
..#.##.##.#


You could see a yaktaur captain.

Vanquished Creatures
  Rupert (Lair:5)
  Polyphemus (Shoals:3)
  A sphinx (Vaults:2)
  A deep elf sorcerer (Vaults:2)
  3 emperor scorpions
  A vault warden (Vaults:2)
  2 stone giants
  2 ironheart preservers (Vaults:1)
  A deep elf demonologist (Vaults:2)
  2 entropy weavers
  A spark wasp (Spider:3)
  Snorg (Lair:6)
  3 merfolk javelineers
  4 merfolk impalers (Shoals:4)
  The ghost of sand the Cleaver, a journeyman HOFi of Nemelex Xobeh (Orc:1)
  A yaktaur captain (Vaults:1)
  2 great orbs of eyes
  2 rakshasas (D:15)
  3 hydras (Lair:4)
  Harold (D:7)
  4 two-headed ogres
  2 catoblepae
  A death knight (Vaults:2)
  An alligator snapping turtle (Shoals:4)
  3 merfolk avatars
  3 centaur warriors
  3 ogre magi
  8 death yaks
  A vampire mage (Vaults:2)
  Nergalle (Lair:2)
  Sonja (D:10)
  A sixfirhy (Lair:6)
  5 sea snakes
  5 skeletal warriors
  A deep troll (Vaults:1)
  An unseen horror (D:15)
  2 glowing orange brains
  16 harpies
  2 deep elf archers (Vaults:2)
  2 wizards
  An ironbrand convoker (Vaults:1)
  A deep elf mage (Vaults:2)
  2 necromancers
  20 orb spiders
  3 orc knights
  5 orc sorcerers
  8 ugly things
  4 cyclopes
  12 fauns
  12 manticores
  A moth of wrath (Spider:4)
  23 wolf spiders
  4 black mambas
  4 water nymphs
  8 merfolk sirens
  3 vault sentinels (Vaults:1)
  A black mamba (shapeshifter) (D:15)
  3 gargoyles
  An orange demon (Lair:6)
  3 elephants (Lair:4)
  11 spiny frogs
  4 yaktaurs
  7 rime drakes
  4 komodo dragons
  An ice devil (Lair:6)
  9 demonic crawlers
  9 freezing wraiths
  12 merfolk
  A hellwing (Lair:6)
  13 trolls
  A red devil (Lair:6)
  A jumping spider (shapeshifter) (D:14)
  Prince Ribbit (D:7)
  29 jumping spiders
  9 wind drakes
  15 hornets
  10 blink frogs
  12 hippogriffs
  23 slime creatures
  An ettin zombie (Vaults:2)
  3 snapping turtles
  A wolf spider simulacrum (IceCv)
  A snapping turtle (shapeshifter) (D:15)
  8 dream sheep
  A dancing weapon (Orc:2)
  A wyvern (shapeshifter) (D:15)
  54 redbacks
  A spriggan (shapeshifter) (D:15)
  24 tarantellas
  4 wraiths
  Sigmund (D:6)
  4 water elementals
  3 shadows
  A human (D:8)
  2 vampires (D:14)
  8 wyverns
  23 yaks
  A hungry ghost (Shoals:2)
  5 hogs
  Edmund (D:6)
  4 steam dragons (Shoals:3)
  4 vampire mosquitoes (Spider:2)
  6 wargs
  5 acid dragons
  3 hell hounds (Lair:6)
  12 water moccasins
  26 orc warriors
  7 porcupines
  2 black bears
  2 sky beasts
  An eye of draining (D:8)
  8 ice beasts
  A black bear (shapeshifter) (D:15)
  A necrophage (D:11)
  3 phantoms
  3 wolves (Lair:6)
  10 ogres
  29 centaurs
  8 crocodiles
  2 big kobolds (Sewer)
  An elf zombie (Ossuary)
  16 bullfrogs
  7 scorpions
  8 wights (D:11)
  6 killer bees (D:8)
  7 electric eels
  7 crimson imps
  A centaur zombie (Ossuary)
  4 draconian simulacra (IceCv)
  2 bullfrog zombies
  A human simulacrum (Vaults:2)
  3 jellies
  21 orc wizards
  3 bullfrog skeletons
  A centaur skeleton (D:4)
  A human zombie (Ossuary)
  18 orc priests
  9 hounds
  Natasha (thrice) (D:4 D:3)
  A spriggan simulacrum (IceCv)
  4 iguanas
  A polar bear simulacrum (IceCv)
  11 worker ants
  2 troll simulacra (IceCv)
  A killer bee zombie (D:6)
  2 wolf simulacra (IceCv)
  2 big kobold zombies (Ossuary)
  4 centaur simulacra (IceCv)
  A worker ant zombie (D:11)
  3 mummies
  4 gnolls
  9 adders
  An ogre simulacrum (IceCv)
  4 naga simulacra (IceCv)
  4 shadow imps
  12 white imps (IceCv)
  4 adder zombies
  3 oozes
  4 adder skeletons
  A worm (D:6)
  A dart slug (D:3)
  8 leopard geckos
  81 orcs
  3 bats
  8 giant cockroaches
  8 hobgoblins
  4 jackals
  2 quokkas
  12 frilled lizards
  14 goblins
  9 hobgoblin zombies (Ossuary)
  2 jackal zombies (Ossuary)
  24 kobolds
  11 kobold zombies (Ossuary)
  6 orc zombies (Ossuary)
  15 rats
  A rat zombie (Ossuary)
  A spectral orc (D:6)
  9 plants
1089 creatures vanquished.

Vanquished Creatures (collateral kills)
  Kirke (Lair:6)
  A kraken (Shoals:2)
  A merfolk impaler (Shoals:2)
  A merfolk aquamancer (Shoals:4)
  3 orc knights
  A deep elf mage (D:15)
  2 merfolk sirens (Shoals:4)
  A wind drake (Shoals:3)
  A red devil (Lair:6)
  4 merfolk
  6 orc warriors
  An orc priest (Orc:1)
  5 orcs
28 creatures vanquished.

Vanquished Creatures (others)
  A titan (Shoals:2)
  A revenant (Vaults:2)
  2 ghost moths (Spider:4)
  An orc warlord (D:11)
  An emperor scorpion (Spider:4)
  2 ironheart preservers
  2 stone giants
  2 entropy weavers
  A deep elf annihilator (Vaults:2)
  A merfolk impaler (Shoals:3)
  A yaktaur captain (Vaults:2)
  An ice dragon (Vaults:1)
  A merfolk avatar (Shoals:4)
  A rakshasa (Vaults:1)
  A vault guard (Vaults:1)
  2 centaur warriors
  2 death knights (D:15)
  A death yak (Shoals:3)
  A two-headed ogre (Vaults:1)
  A deep troll earth mage (Vaults:1)
  An orc high priest (Orc:1)
  A shadow wraith (Vaults:1)
  A deep troll (Vaults:1)
  2 sea snakes
  An ironbrand convoker (Vaults:1)
  A phantasmal warrior (D:15)
  5 orc knights
  A harpy (Shoals:1)
  7 ugly things
  3 manticores
  A fire giant zombie (Vaults:2)
  A faun (Shoals:1)
  2 cyclopes
  5 wolf spiders
  An orc sorcerer (Orc:1)
  2 water nymphs (Shoals:4)
  A moth of wrath (Spider:2)
  A vault sentinel (Vaults:1)
  An ice statue (IceCv)
  2 merfolk sirens
  A torpor snail (Spider:4)
  7 demonic crawlers
  4 freezing wraiths
  A rime drake (D:12)
  An efreet (D:13)
  5 jumping spiders
  A wind drake (Shoals:3)
  3 trolls
  3 merfolk
  A hornet (Spider:1)
  3 snapping turtles
  18 slime creatures
  A stone giant simulacrum (Vaults:1)
  9 redbacks
  17 dancing weapons
  4 tarantellas
  2 water elementals
  2 yaks (D:14)
  A warg (Orc:2)
  A soldier ant (D:14)
  6 orc warriors
  An ice beast (IceCv)
  A necrophage (D:14)
  A phantom (D:14)
  3 ogres
  3 centaurs
  A big kobold (D:14)
  A bullfrog (D:14)
  A scorpion (Spider:3)
  2 wights (D:11)
  A draconian simulacrum (IceCv)
  A quasit (D:12)
  A bullfrog skeleton (D:12)
  2 orc wizards
  A troll simulacrum (IceCv)
  An adder (D:12)
  A naga simulacrum (IceCv)
  An ogre simulacrum (IceCv)
  2 orcs
  12 fungi
  18 plants
  4 tentacles (Shoals:2)
  10 toadstools (Lair:1)
226 creatures vanquished.

Grand Total: 1343 creatures vanquished

Notes
Turn   | Place    | Note
-------+----------+-------------------------------------------
     0 | D:1      | Froggeryz the Gnoll Wanderer began the quest for the Orb.
     0 | D:1      | Froggeryz set off with the following items: a +0 club, a
                  | potion of lignification, a potion of curing, a +2 scale
                  | mail, a ration
     0 | D:1      | Reached XP level 1. HP: 20/20 MP: 2/2
   206 | D:1      | Reached XP level 2. HP: 22/26 MP: 3/3
  1093 | D:2      | Found a blossoming altar of Fedhas.
  1098 | D:2      | Reached XP level 3. HP: 31/31 MP: 4/4
  1430 | D:2      | Reached skill level 1 in Invocations
  2122 | D:3      | Reached skill level 1 in Short Blades
  2122 | D:3      | Reached skill level 1 in Long Blades
  2122 | D:3      | Reached skill level 1 in Polearms
  2122 | D:3      | Reached skill level 1 in Staves
  2122 | D:3      | Reached skill level 1 in Slings
  2122 | D:3      | Reached skill level 1 in Bows
  2122 | D:3      | Reached skill level 1 in Crossbows
  2122 | D:3      | Reached skill level 1 in Throwing
  2122 | D:3      | Reached skill level 1 in Dodging
  2122 | D:3      | Reached skill level 1 in Stealth
  2122 | D:3      | Reached skill level 1 in Unarmed Combat
  2122 | D:3      | Reached skill level 1 in Spellcasting
  2138 | D:3      | Reached XP level 4. HP: 22/38 MP: 6/6
  2188 | D:3      | Found a glowing drain.
  2200 | Sewer    | Entered a sewer
  2454 | Sewer    | Noticed a big kobold
  2454 | Sewer    | Noticed a big kobold
  2464 | Sewer    | Killed a big kobold
  2464 | Sewer    | Reached skill level 1 in Conjurations
  2464 | Sewer    | Reached skill level 1 in Hexes
  2464 | Sewer    | Reached skill level 1 in Charms
  2464 | Sewer    | Reached skill level 1 in Summonings
  2464 | Sewer    | Reached skill level 1 in Necromancy
  2464 | Sewer    | Reached skill level 1 in Translocations
  2464 | Sewer    | Reached skill level 1 in Transmutations
  2464 | Sewer    | Reached skill level 1 in Fire Magic
  2464 | Sewer    | Reached skill level 1 in Ice Magic
  2464 | Sewer    | Reached skill level 1 in Air Magic
  2464 | Sewer    | Reached skill level 1 in Earth Magic
  2464 | Sewer    | Reached skill level 1 in Poison Magic
  2464 | Sewer    | Reached XP level 5. HP: 20/43 MP: 7/7
  2466 | Sewer    | Killed a big kobold
  2466 | Sewer    | Reached XP level 6. HP: 24/50 MP: 8/8
  2862 | D:3      | Found a faded altar of an unknown god.
  3335 | D:4      | Found Limnucw's Weapon Emporium.
  3335 | D:4      | Noticed Natasha
  3346 | D:4      | Killed Natasha
  3427 | D:4      | Found a staircase to the Ecumenical Temple.
  3434 | D:4      | Reached skill level 5 in Fighting
  3441 | Temple   | Entered the Ecumenical Temple
  3504 | Temple   | Became a worshipper of Warmaster Okawaru
  3597 | D:4      | Noticed Natasha
  3613 | D:4      | Killed Natasha
  3747 | D:4      | Reached XP level 7. HP: 46/56 MP: 10/10
  3861 | D:4      | Noticed Natasha
  3924 | D:3      | Killed Natasha
  4084 | D:4      | Found a shadowy altar of Dithmenos.
  4084 | D:4      | Found a radiant altar of Vehumet.
  4234 | D:4      | Found a glowing silver altar of Zin.
  4295 | D:5      | Entered Level 5 of the Dungeon
  4324 | D:5      | Found a hazy altar of Hepliaklqana.
  4386 | D:5      | Found a shimmering blue altar of Sif Muna.
  4445 | D:5      | Reached skill level 9 in Armour
  4455 | D:5      | Found a sand-covered staircase.
  4460 | Ossuary  | Entered an ossuary
  4610 | Ossuary  | Reached XP level 8. HP: 57/63 MP: 12/12
  4623 | Ossuary  | Reached * piety under Okawaru
  4936 | D:5      | Found a white marble altar of Elyvilon.
  4978 | D:5      | Found a shadowy altar of Dithmenos.
  5490 | D:6      | Found a runed translucent gate.
  5490 | D:6      | Found a runed translucent gate.
  5490 | D:6      | Found a runed translucent gate.
  5550 | D:6      | Noticed endorz's ghost (novice HOFi)
  5850 | D:6      | Found a burning altar of Makhleb.
  5869 | D:6      | Reached ** piety under Okawaru
  6064 | D:6      | Noticed Edmund
  6083 | D:6      | Killed Edmund
  6083 | D:6      | Reached XP level 9. HP: 69/69 MP: 14/14
  6110 | D:6      | Noticed Sigmund
  6116 | D:6      | Killed Sigmund
  6383 | D:6      | Noticed a moth of wrath
  6386 | D:6      | Found a bloodstained altar of Trog.
  6527 | D:6      | Found a basalt altar of Yredelemnul.
  6960 | D:7      | Learned a level 2 spell: Blink
  6973 | D:7      | Learned a level 2 spell: Slow
  7080 | D:7      | Noticed Prince Ribbit
  7307 | D:7      | Killed Prince Ribbit
  7307 | D:7      | Reached skill level 5 in Axes
  7307 | D:7      | Reached skill level 5 in Maces & Flails
  7307 | D:7      | Reached skill level 5 in Shields
  7307 | D:7      | Reached skill level 5 in Evocations
  7425 | D:7      | Noticed Harold
  7456 | D:7      | Killed Harold
  7456 | D:7      | Reached skill level 5 in Invocations
  7839 | D:8      | Reached XP level 10. HP: 77/77 MP: 17/17
  7863 | D:8      | Reached *** piety under Okawaru
  8401 | D:8      | Reached skill level 5 in Short Blades
  8401 | D:8      | Reached skill level 5 in Long Blades
  8401 | D:8      | Reached skill level 5 in Polearms
  8401 | D:8      | Reached skill level 5 in Staves
  8401 | D:8      | Reached skill level 5 in Slings
  8401 | D:8      | Reached skill level 5 in Bows
  8401 | D:8      | Reached skill level 5 in Crossbows
  8401 | D:8      | Reached skill level 5 in Throwing
  8401 | D:8      | Reached skill level 5 in Dodging
  8401 | D:8      | Reached skill level 5 in Stealth
  8401 | D:8      | Reached skill level 5 in Unarmed Combat
  8401 | D:8      | Reached skill level 5 in Spellcasting
  8694 | D:8      | Found an ornate altar of the Wu Jian Council.
  8854 | D:8      | Reached skill level 10 in Armour
  8861 | D:8      | Reached **** piety under Okawaru
  9211 | D:9      | Found a staircase to the Lair.
  9234 | D:9      | Noticed a -3 dagger
  9234 | D:9      | Noticed a +0 hand axe
  9236 | D:9      | Found a hide-covered altar of Uskayaw.
  9340 | D:9      | Got a sparkling silver ring
  9341 | D:9      | Identified the ring "Wubo" {*Tele rElec Int+8} (You found
                  | it on level 9 of the Dungeon)
  9352 | D:9      | You fall into a shaft and drop 2 floors!
  9363 | D:10     | Entered Level 10 of the Dungeon
  9762 | D:9      | Noticed a two-headed ogre
  9772 | D:9      | Killed a two-headed ogre
  9772 | D:9      | Reached ***** piety under Okawaru
 10093 | D:9      | Noticed a two-headed ogre
 10117 | D:9      | Killed a two-headed ogre
 10117 | D:9      | Reached XP level 11. HP: 38/84 MP: 19/19
 10416 | D:9      | Found an ancient bone altar of Kikubaaqudgha.
 10535 | Lair:1   | Entered Level 1 of the Lair of Beasts
 10620 | Lair:1   | Received a gift from Okawaru
 10620 | Lair:1   | Reached skill level 5 in Conjurations
 10620 | Lair:1   | Reached skill level 5 in Hexes
 10620 | Lair:1   | Reached skill level 5 in Charms
 10620 | Lair:1   | Reached skill level 5 in Summonings
 10620 | Lair:1   | Reached skill level 5 in Necromancy
 10620 | Lair:1   | Reached skill level 5 in Translocations
 10620 | Lair:1   | Reached skill level 5 in Transmutations
 10620 | Lair:1   | Reached skill level 5 in Fire Magic
 10620 | Lair:1   | Reached skill level 5 in Ice Magic
 10620 | Lair:1   | Reached skill level 5 in Air Magic
 10620 | Lair:1   | Reached skill level 5 in Earth Magic
 10620 | Lair:1   | Reached skill level 5 in Poison Magic
 10781 | Lair:1   | Got a coiled iron ring
 10782 | Lair:1   | Identified the ring of Fiariq {rElec rN+} (You found it on
                  | level 1 of the Lair of Beasts)
 11172 | Lair:1   | Received a gift from Okawaru
 11184 | Lair:1   | Identified a +1 pair of boots of running (Okawaru gifted it
                  | to you on level 1 of the Lair of Beasts)
 11426 | Lair:1   | Noticed a dire elephant
 11426 | Lair:1   | Noticed a lindwurm
 11446 | Lair:1   | Found a runed translucent door.
 11669 | Lair:2   | Found a staircase to the Shoals.
 12295 | Lair:2   | Found a runed translucent door.
 12295 | Lair:2   | Found a shimmering altar of Xom.
 12295 | Lair:2   | Noticed lllmatko's ghost (journeyman MiBe)
 12296 | Lair:2   | Noticed a +0 war axe of chaos
 12859 | Lair:2   | Noticed Nergalle
 12891 | Lair:2   | Killed Nergalle
 13046 | Lair:3   | Reached XP level 12. HP: 93/93 MP: 19/22
 13957 | Lair:4   | Noticed a seven-headed hydra
 13994 | Lair:4   | Noticed a seven-headed hydra
 14000 | Lair:4   | Killed a seven-headed hydra
 14169 | Lair:4   | Received a gift from Okawaru
 14169 | Lair:4   | Reached ****** piety under Okawaru
 14215 | Lair:4   | Noticed an eight-headed hydra
 14253 | Lair:4   | Reached skill level 11 in Armour
 14456 | Lair:4   | HP: 3/94 [eight-headed hydra (4)]
 14456 | Lair:4   | HP: 1/94 [eight-headed hydra (2)]
 14459 | Lair:4   | Killed an eight-headed hydra
 14615 | Lair:4   | Found a hole to the Spider Nest.
 14755 | Lair:4   | Learned a level 3 spell: Tukima's Dance
 14854 | Lair:4   | Killed a seven-headed hydra
 15109 | Lair:3   | Received a gift from Okawaru
 15447 | Lair:5   | Noticed Rupert
 15858 | Lair:5   | Killed Rupert
 15858 | Lair:5   | Reached XP level 13. HP: 37/101 MP: 24/24
 16470 | Lair:5   | Found a staircase to the Slime Pits.
 16767 | Lair:4   | Received a gift from Okawaru
 17265 | Lair:6   | Entered Level 6 of the Lair of Beasts
 17285 | Lair:6   | Noticed a dire elephant
 17405 | Lair:6   | Noticed Kirke
 18103 | Lair:6   | Found a burning altar of Makhleb.
 18349 | Lair:6   | Noticed Snorg
 18627 | Lair:6   | Killed Snorg
 19240 | Lair:5   | Learned a level 4 spell: Airstrike
 19393 | Lair:6   | Killed Kirke
 19410 | Lair:6   | Reached XP level 14. HP: 66/109 MP: 16/26
 19796 | Lair:6   | Received a gift from Okawaru
 19833 | Lair:6   | Found a gateway to Hell.
 20008 | Lair:5   | Banished a dire elephant
 20403 | D:10     | Noticed Sonja
 20408 | D:10     | Killed Sonja
 20476 | D:10     | Found Oxecliwi's Distillery.
 20479 | D:10     | Bought a potion of might for 48 gold pieces
 21026 | D:11     | Reached skill level 10 in Fighting
 21026 | D:11     | Reached skill level 12 in Armour
 21140 | D:11     | Found a roughly hewn altar of Beogh.
 21397 | D:11     | Found a staircase to the Orcish Mines.
 21441 | D:11     | Found Upnorun's Gadget Shop.
 21526 | Orc:1    | Entered Level 1 of the Orcish Mines
 21617 | Orc:1    | Noticed an orc warlord
 21728 | D:11     | Received a gift from Okawaru
 21766 | D:11     | Banished an orc warlord
 21958 | Orc:1    | Found Viunops's Antique Weapon Emporium.
 22038 | Orc:1    | Found Ulloa's Antique Armour Shop.
 22042 | Orc:1    | Found Cialist's Jewellery Emporium.
 22224 | Orc:1    | Bought an uncursed amulet of reflection for 480 gold pieces
 22235 | Orc:1    | Paralysed by an orc sorcerer for 3 turns
 22364 | Orc:1    | Paralysed by an orc sorcerer for 2 turns
 22570 | Orc:1    | Found a runed translucent door.
 22588 | Orc:1    | Noticed a stone giant
 22596 | Orc:1    | Noticed sand's ghost (journeyman HOFi)
 22616 | Orc:1    | Killed sand's ghost
 22616 | Orc:1    | Received a gift from Okawaru
 22669 | Orc:1    | Banished a stone giant
 22672 | Orc:1    | Reached skill level 10 in Invocations
 22801 | Orc:2    | Entered Level 2 of the Orcish Mines
 22815 | Orc:2    | Noticed a stone giant
 22832 | Orc:2    | Killed a stone giant
 22978 | Orc:2    | Found a staircase to the Elven Halls.
 23738 | Orc:2    | Found Ryuhol's Jewellery Boutique.
 23738 | Orc:2    | Found Yjeits's Antique Weapon Shoppe.
 23853 | Orc:2    | Bought the ring "Kalanaan" {rF++ rN+++ MR- Stlth-} for 829
                  | gold pieces
 23899 | Orc:2    | Found Ihifegaf's Book Shoppe.
 24036 | Orc:2    | Found a roughly hewn altar of Beogh.
 24051 | Orc:2    | Found Nisircha's Armour Boutique.
 24051 | Orc:2    | Found Jinlez's Armour Shoppe.
 24056 | Orc:2    | Bought the +0 pair of fencer's gloves {Riposte Dex+3} for
                  | 520 gold pieces
 24056 | Orc:2    | Found the +0 pair of fencer's gloves {Riposte Dex+3}
 24408 | D:12     | Received a gift from Okawaru
 24409 | D:12     | Got a faintly glowing scale mail {god gift}
 24410 | D:12     | Identified the +4 scale mail of the Invisible Violins
                  | {Dex+4} (Okawaru gifted it to you on level 12 of the
                  | Dungeon)
 24581 | D:12     | Found a frozen archway.
 24594 | IceCv    | Entered an ice cave
 24648 | IceCv    | Reached XP level 15. HP: 117/117 MP: 9/28
 24842 | IceCv    | Found an ancient bone altar of Kikubaaqudgha.
 24882 | IceCv    | Reached skill level 10 in Axes
 24882 | IceCv    | Reached skill level 10 in Maces & Flails
 24882 | IceCv    | Reached skill level 10 in Shields
 24882 | IceCv    | Reached skill level 10 in Evocations
 25501 | D:12     | Learned a level 5 spell: Silence
 26309 | D:13     | Found a burning altar of Makhleb.
 26589 | D:14     | Found a gate to the Vaults.
 27124 | D:14     | Reached skill level 10 in Short Blades
 27124 | D:14     | Reached skill level 10 in Long Blades
 27124 | D:14     | Reached skill level 10 in Polearms
 27124 | D:14     | Reached skill level 10 in Staves
 27124 | D:14     | Reached skill level 10 in Slings
 27124 | D:14     | Reached skill level 10 in Bows
 27124 | D:14     | Reached skill level 10 in Crossbows
 27124 | D:14     | Reached skill level 10 in Throwing
 27124 | D:14     | Reached skill level 10 in Dodging
 27124 | D:14     | Reached skill level 10 in Stealth
 27124 | D:14     | Reached skill level 10 in Unarmed Combat
 27124 | D:14     | Reached skill level 10 in Spellcasting
 27275 | D:14     | Got an encrusted battleaxe
 27276 | D:14     | Identified the +6 battleaxe of Watchfulness {vorpal, rN+}
                  | (You found it on level 14 of the Dungeon)
 27673 | D:15     | Entered Level 15 of the Dungeon
 27686 | D:14     | Received a gift from Okawaru
 28267 | D:15     | Received a gift from Okawaru
 28452 | D:15     | Identified a scroll of acquirement
 28618 | D:15     | Found a staircase to the Depths.
 28719 | D:15     | Received a gift from Okawaru
 28840 | D:15     | Reached XP level 16. HP: 110/125 MP: 30/30
 29814 | Spider:1 | Entered Level 1 of the Spider Nest
 29824 | Spider:1 | Reached skill level 13 in Armour
 30369 | Spider:1 | Received a gift from Okawaru
 30553 | Spider:1 | Got the Collected Works on Creative Confrontation
 30560 | Spider:1 | Learned a level 5 spell: Aura of Abjuration
 33023 | Spider:3 | Received a gift from Okawaru
 33089 | Spider:3 | Got a transparent quarterstaff {god gift}
 33090 | Spider:3 | Identified the +6 quarterstaff of Instinct {drain, rPois
                  | rF+ MR-} (Okawaru gifted it to you on level 3 of the Spider
                  | Nest)
 34241 | Spider:4 | Entered Level 4 of the Spider Nest
 34428 | Spider:4 | Reached XP level 17. HP: 123/133 MP: 20/32
 34724 | Spider:4 | Received a gift from Okawaru
 35166 | Spider:4 | Received a gift from Okawaru
 35827 | Spider:4 | Received a gift from Okawaru
 35865 | Spider:4 | Identified the +1 scale mail "Quumo" {rPois Stlth+}
                  | (Okawaru gifted it to you on level 4 of the Spider Nest)
 37294 | Spider:4 | Got a gossamer rune of Zot
 37534 | Shoals:1 | Entered Level 1 of the Shoals
 38508 | Shoals:2 | Noticed Ilsuiw
 38767 | Shoals:1 | Banished Ilsuiw
 39123 | Shoals:2 | Found Voodun's Magic Scroll Shoppe.
 39126 | Shoals:2 | Bought 3 scrolls of blinking for 247 gold pieces
 39146 | Shoals:2 | Found Fenkelah's Assorted Antiques.
 39171 | Shoals:2 | Bought a potion of heal wounds for 180 gold pieces
 39243 | Shoals:2 | Noticed a titan
 39299 | Shoals:2 | Banished a titan
 39640 | Shoals:2 | Received a gift from Okawaru
 39713 | Shoals:2 | Noticed a kraken
 39720 | Shoals:2 | Killed a kraken
 39720 | Shoals:2 | Reached skill level 10 in Conjurations
 39720 | Shoals:2 | Reached skill level 10 in Hexes
 39720 | Shoals:2 | Reached skill level 10 in Charms
 39720 | Shoals:2 | Reached skill level 10 in Summonings
 39720 | Shoals:2 | Reached skill level 10 in Necromancy
 39720 | Shoals:2 | Reached skill level 10 in Translocations
 39720 | Shoals:2 | Reached skill level 10 in Transmutations
 39720 | Shoals:2 | Reached skill level 10 in Fire Magic
 39720 | Shoals:2 | Reached skill level 10 in Ice Magic
 39720 | Shoals:2 | Reached skill level 10 in Air Magic
 39720 | Shoals:2 | Reached skill level 10 in Earth Magic
 39720 | Shoals:2 | Reached skill level 10 in Poison Magic
 39734 | Shoals:3 | Noticed Polyphemus
 39746 | Shoals:3 | Killed Polyphemus
 39747 | Shoals:3 | Reached XP level 18. HP: 31/141 MP: 33/33
 39752 | Shoals:2 | Reached skill level 14 in Armour
 41136 | Shoals:4 | Entered Level 4 of the Shoals
 41633 | Shoals:4 | HP: 1/142 [merfolk javelineer/silver javelin (8)]
 41840 | Shoals:4 | Got a barnacled rune of Zot
 42256 | Shoals:4 | Identified Joirion's Papyrus of Curses
 42934 | Shoals:4 | Got an encrusted war axe
 42935 | Shoals:4 | Identified the +6 war axe of Wug Lola {pain, rElec rPois
                  | Str-3 Dex+8} (You found it on level 4 of the Shoals)
 43105 | Shoals:4 | Received a gift from Okawaru
 43418 | Vaults:1 | Entered Level 1 of the Vaults
 43537 | Vaults:1 | Found a portal to a secret trove of treasure.
 43716 | Vaults:1 | Received a gift from Okawaru
 44338 | Vaults:1 | Received a gift from Okawaru
 44603 | Vaults:1 | Found a runed translucent gate.
 44603 | Vaults:1 | Found a runed translucent gate.
 44603 | Vaults:1 | Found a runed translucent gate.
 44605 | Vaults:1 | Noticed foobar1000's ghost (veteran SpHu)
 44820 | Vaults:2 | Reached XP level 19. HP: 146/149 MP: 35/35
 45498 | Vaults:2 | Found a staircase to the Crypt.
 45649 | Vaults:2 | Shot with a bolt by a yaktaur captain

Illustrated notes

Levels and vault maps discovered:
D:1:      sevenhm_arrival_forest_fort_small_5, layout_basic
D:2:      layout_basic, fedhas_altar_1
D:3:      layout_basic, first_ration, portal_sewer_entry_b,
          chequers_ecumenical_altar_simple, minmay_misc_feat_doors
D:4:      layout_basic, kennysheep_mini_moat,
          gammafunk_temple_overflow_elements, minmay_temple_entry_tees,
          serial_shops, nicolae_shop_waterfront, uniq_natasha
D:5:      layout_basic, kennysheep_little_box, elyvilon_altar_3,
          enter_ossuary_2, basic_altar, nicolae_dithmenos_shadow_blocks
D:6:      layout_cave_pools, yredelemnul_forgotten_temple_becter, tgw_trog,
          lemuel_crystal_altar, gammafunk_ghost_icy, sigmund_edmund_badplayer
D:7:      layout_basic, uniq_harold, uniq_prince_ribbit1
D:8:      layout_rooms, nicolae_overflow_crystal_walls, grunt_livestock
D:9:      layout_roguey, lemuel_coloured_pillars_altar, dancing_weapons_uskayaw,
          lair_entry_dummy, enter_bailey_3
D:10:     layout_stronghold, serial_shops, kennysheep_mini, serial_glass,
          glass_columns_c, glass_columns_c, uniq_sonja
D:11:     layout_basic, orc_0_dummy, serial_shops, shop, serial_undead,
          serial_undead_a, serial_undead_a, serial_undead_f, serial_undead_b,
          david_defended_altar_orc
D:12:     layout_loops_ring, portal_ice_cave_rime, kennysheep_generic_room_9
D:13:     layout_long_grid, basic_altar
D:14:     layout_roguey, david_vaults_1, minmay_holes, hex_tiny
D:15:     gammafunk_enter_depths_forms, layout_layer_cave,
          hangedman_abyss_or_decor_stagger
Temple:   zaba_magenta_temple
Lair:1:   gammafunk_lair_enchanted_lake, layout_chaotic_city,
          chequers_serial_rivers_small_b
Lair:2:   layout_misc_corridors, minmay_shoals_entry_centaurs,
          ebering_ghost_xom, minivault_26, chequers_serial_rivers_micro_b,
          uniq_nergalle
Lair:3:   layout_long_grid, serial_bayou, serial_bayou_pond_d,
          serial_bayou_pond_b, serial_bayou_pond_a, serial_bayou_lake_a,
          serial_bayou_shore_b, chequers_serial_rivers_small_b
Lair:4:   layout_cave_shapes, spider_nest_entry_web_field
Lair:5:   layout_hall_layers, slime_dummy, gauntlet_entry_generic,
          infiniplex_staircase_pool, grunt_megastairs_2, uniq_rupert
Lair:6:   evil_forest, layout_loops_ring, serial_bayou_shore_b, uniq_kirke,
          uniq_snorg
Shoals:1: layout_shoals
Shoals:2: cheibrodos_shoals_gigantism, layout_shoals, serial_shops,
          nicolae_shop_behind_doors, shop, shop, nicolae_shoals_so_close,
          uniq_ilsuiw, uniq_nikola
Shoals:3: layout_shoals, nicolae_shoals_drake_roost, uniq_polyphemus
Shoals:4: shoals_end_hangedman, layout_shoals
Spider:1: layout_spider_delve
Spider:2: layout_spider_delve, einodemon_crawler_minivault
Spider:3: spiders_nest_scorpion_pit
Spider:4: spider_rune_water
Orc:1:    layout_caves, serial_shops, nicolae_shop_statue_plus,
          nicolae_shop_waterfront, shop, ebering_ghost_reflecting_pool
Orc:2:    st_orc_town, layout_caves, serial_shops, nicolae_shop_behind_doors
Vaults:1: gammafunk_vaults_ghost_split, hangedman_vaults_slice,
          hangedman_vaults_hat, v_alt_pattern_4, v_misc_27,
          nicolae_vaults_diagonal_hallway_8, layout_vaults_omnigrid,
          enter_trove_6
Vaults:2: st_greater_box_4, minmay_crypt_entry_simple_box, v_pattern_3,
          vaults_mumra_minichess_inversion, ontoclasm_vaults_shuriken,
          ontoclasm_vaults_chip, vaults_dpeg_ring,
          vaults_room_grunt_arrival_ludios, nicolae_vaults_alarming,
          nicolae_vaults_diagonal_hallway_6, layout_vaults_chaotic_city,
          uniq_donald, uniq_asterion

Skill      XL: |  1  2  3  4  5  6  7  8  9 10 11 12 13 14 15 16 17 18 |
---------------+-------------------------------------------------------+-----
Invocations    | 1 2 3 4 5 6 7 8 9 10 11 12 13 | 13.4
Short Blades   | 1 2 3 4 5 6 7 8 9 10 11 12 | 12.5
Long Blades    | 1 2 3 4 5 6 7 8 9 10 11 12 | 12.5
Polearms       | 1 2 3 4 5 6 7 8 9 10 11 12 | 12.5
Staves         | 1 2 3 4 5 6 7 8 9 10 11 12 | 12.5
Slings         | 1 2 3 4 5 6 7 8 9 10 11 12 | 12.5
Bows           | 1 2 3 4 5 6 7 8 9 10 11 12 | 12.5
Crossbows      | 1 2 3 4 5 6 7 8 9 10 11 12 | 12.5
Throwing       | 1 2 3 4 5 6 7 8 9 10 11 12 | 12.5
Dodging        | 1 2 3 4 5 6 7 8 9 10 11 12 | 12.5
Stealth        | 1 2 3 4 5 6 7 8 9 10 11 12 | 12.5
Unarmed Combat | 1 2 3 4 5 6 7 8 9 10 11 12 | 12.5
Spellcasting   | 1 2 3 4 5 6 7 8 9 10 11 12 | 12.5
Conjurations   | 1 2 3 4 5 6 7 8 9 10 | 10.7
Hexes          | 1 2 3 4 5 6 7 8 9 10 | 10.7
Charms         | 1 2 3 4 5 6 7 8 9 10 | 10.7
Summonings     | 1 2 3 4 5 6 7 8 9 10 | 10.7
Necromancy     | 1 2 3 4 5 6 7 8 9 10 | 10.7
Translocations | 1 2 3 4 5 6 7 8 9 10 | 10.7
Transmutations | 1 2 3 4 5 6 7 8 9 10 | 10.7
Fire Magic     | 1 2 3 4 5 6 7 8 9 10 | 10.7
Ice Magic      | 1 2 3 4 5 6 7 8 9 10 | 10.7
Air Magic      | 1 2 3 4 5 6 7 8 9 10 | 10.7
Earth Magic    | 1 2 3 4 5 6 7 8 9 10 | 10.7
Poison Magic   | 1 2 3 4 5 6 7 8 9 10 | 10.7
Axes           | 3 4 5 6 7 8 9 10 11 12 | 12.7
Maces & Flails | 3 4 5 6 7 8 9 10 11 12 | 12.7
Shields        | 3 4 5 6 7 8 9 10 11 12 | 12.7
Evocations     | 3 4 5 6 7 8 9 10 11 12 | 12.7
Fighting       | 5 6 7 8 9 10 11 12 13 | 13.2
Armour         | 9 10 11 12 13 14 | 14.6

Action                   |  1- 3 |  4- 6 |  7- 9 | 10-12 | 13-15 | 16-18 | 19-21 || total
-------------------------+-------+-------+-------+-------+-------+-------+-------++-------
Melee: Club              |    20 |       |       |       |       |       |       ||    20
       Dagger            |    44 |       |       |       |       |       |       ||    44
       Bite              |     8 |    13 |    62 |   152 |   229 |   198 |    20 ||   682
       Hand axe          |    50 |       |       |       |       |       |       ||    50
       Mace              |    29 |    14 |       |       |       |       |       ||    43
       War axe           |       |    39 |    95 |    34 |       |       |       ||   168
       Whip              |       |    67 |   260 |    21 |       |       |       ||   348
       Punch             |       |       |     7 |    17 |       |       |       ||    24
       Flail             |       |       |    97 |   848 |   475 |       |       ||  1420
       Unarmed           |       |       |       |       |     4 |       |       ||     4
       Broad axe         |       |       |       |       |   967 |  1166 |    93 ||  2226
 Fire: Hunting sling     |    29 |    19 |     5 |       |       |       |       ||    53
Throw: Stone             |    10 |       |       |       |       |       |       ||    10
       Dart              |       |     4 |     5 |     5 |     1 |     6 |       ||    21
       Javelin           |       |       |       |       |       |    21 |       ||    21
 Cast: Slow              |       |       |     1 |    73 |   108 |    51 |       ||   233
       Tukima's Dance    |       |       |       |     2 |    81 |    78 |     4 ||   165
       Airstrike         |       |       |       |       |    23 |   191 |     6 ||   220
       Blink             |       |       |       |       |     3 |     2 |       ||     5
Invok: Heroism           |       |       |       |     2 |     1 |       |       ||     3
Evoke: Wand              |       |       |       |    12 |    32 |    16 |       ||    60
       Phantom mirror    |       |       |       |       |       |     2 |       ||     2
  Use: Potion            |       |     7 |     1 |     8 |     2 |    17 |     1 ||    36
       Scroll            |       |       |    16 |     8 |    17 |    11 |     1 ||    53
 Stab: Sleeping          |       |       |     4 |    14 |    39 |    29 |     5 ||    91
       Petrified         |       |       |       |       |     1 |       |       ||     1
       Distracted        |       |       |       |       |     4 |     5 |     1 ||    10
       Held in net/web   |       |       |       |       |       |     1 |       ||     1
  Eat: Chunk             |     4 |     5 |    12 |    25 |    36 |    41 |     2 ||   125
       Ration            |       |       |       |     1 |     2 |     5 |       ||     8
Armor: Scale mail        |    81 |    82 |   256 |   134 |       |       |       ||   553
       Troll leather arm |       |       |       |   173 |   247 |   212 |     7 ||   639
Dodge: Dodged            |    76 |    50 |   252 |   635 |   774 |   813 |    42 ||  2642
       Repelled          |       |       |       |     1 |    18 |    39 |     2 ||    60
Block: Kite shield       |       |       |       |   160 |  1083 |  1180 |    59 ||  2482
       Reflection        |       |       |       |       |    76 |    79 |    12 ||   167
       Rpst.: Broad axe  |       |       |       |       |    54 |   132 |     8 ||   194
